| TOP OF THE 1ST |
|
Pittsfield Colonials batting - Pitching for Elmira Pioneers : LHP Mike Mason
|
|
Pitching: LHP Mike Mason
|
|
|
Batting: SHB Steve Scafa
|
0-0: Foul Ball, location: 2F 0-1: Foul Ball, location: 2F 0-2: Ball 1-2: Ball 2-2: TRIPLE (Line Drive, 78XD, EV 108.8 MPH)
|
|
Batting: SHB Mitch Webster
|
0-0: Ground out 6-3 (Groundball, 6, EV 88.8 MPH) Steve Scafa scores
|
|
Batting: RHB Shawon Dunston
|
0-0: SINGLE (Groundball, 56S, EV 63.8 MPH) (infield hit)
|
|
Batting: SHB Mark Gilbert
|
0-0: Called Strike 0-1: Ball 1-1: Called Strike 1-2: Strikes out swinging Shawon Dunston steals 2nd base Batter strikes out.
|
|
Batting: RHB Mike Brewer
|
0-0: Ball 1-0: Called Strike 1-1: Foul Ball, location: 2F 1-2: Foul Ball, location: 2F 1-2: Foul Ball, location: 2F 1-2: Ball 2-2: Ball 3-2: Fly out, F3 (Line Drive, 3, EV 68.1 MPH)
|
| Top of the 1st over - 1 run, 2 hits, 0 errors, 1 left on base; Pittsfield 1 - Elmira 0 |
| BOTTOM OF THE 1ST |
|
Elmira Pioneers batting - Pitching for Pittsfield Colonials : RHP Bob Stoddard
|
|
Pitching: RHP Bob Stoddard
|
|
|
Batting: RHB Ken Dowell
|
0-0: Ball 1-0: Ball 2-0: Fly out, F9 (Flyball, 89M, EV 84.4 MPH)
|
|
Batting: RHB Mark Wasinger
|
0-0: Fly out, F9 (Line Drive, 9, EV 100.6 MPH)
|
|
Batting: RHB Richard Givens
|
0-0: Called Strike 0-1: Fly out, F8 (Line Drive, 8LD, EV 90.6 MPH)
|
| Bottom of the 1st over - 0 runs, 0 hits, 0 errors, 0 left on base; Pittsfield 1 - Elmira 0 |
| TOP OF THE 2ND |
|
Pittsfield Colonials batting - Pitching for Elmira Pioneers : LHP Mike Mason
|
|
Batting: RHB Steven Ramler
|
0-0: Ball 1-0: Called Strike 1-1: Fly out, F8 (Flyball, 78M, EV 86.9 MPH)
|
|
Batting: SHB David Enos
|
0-0: Called Strike 0-1: Called Strike 0-2: Strikes out swinging
|
|
Batting: SHB Felipe Gracia
|
0-0: Called Strike 0-1: Ball 1-1: Ball 2-1: Ball 3-1: Called Strike 3-2: SINGLE (Flyball, 6D, EV 93.1 MPH)
|
|
Batting: RHB Juan Castro
|
0-0: Called Strike 0-1: Ball 1-1: Ball 2-1: Fly out, F9 (Flyball, 89D, EV 91.3 MPH)
|
| Top of the 2nd over - 0 runs, 1 hit, 0 errors, 1 left on base; Pittsfield 1 - Elmira 0 |
| BOTTOM OF THE 2ND |
|
Elmira Pioneers batting - Pitching for Pittsfield Colonials : RHP Bob Stoddard
|
|
Batting: RHB Greg Keatley
|
0-0: Foul Ball, location: 2F 0-1: Foul Ball, location: 2F 0-2: Ball 1-2: Foul Ball, location: 2F 1-2: Ball 2-2: Foul Ball, location: 2F 2-2: Ground out 5-3 (Groundball, 5S, EV 74.4 MPH)
|
|
Batting: RHB Edwin Rodriguez
|
0-0: Called Strike 0-1: Ball 1-1: Fly out, F8 (Flyball, 8LD, EV 95.6 MPH)
|
|
Batting: SHB Esteban Mendez
|
0-0: Ball 1-0: SINGLE (Groundball, 4M, EV 107.5 MPH) (infield hit)
|
|
Batting: LHB Juan Flores
|
0-0: Fielders Choice at 2nd, U6 (Groundball, 6M, EV 80.6 MPH)
|
| Bottom of the 2nd over - 0 runs, 1 hit, 0 errors, 1 left on base; Pittsfield 1 - Elmira 0 |
| TOP OF THE 3RD |
|
Pittsfield Colonials batting - Pitching for Elmira Pioneers : LHP Mike Mason
|
|
Batting: SHB Steve Scafa
|
0-0: Ball 1-0: Foul Ball, location: 2F 1-1: Foul Ball, location: 2F 1-2: Ball 2-2: Strikes out swinging
|
|
Batting: SHB Mitch Webster
|
0-0: Ball 1-0: Ball 2-0: Ball 3-0: Called Strike 3-1: Foul Ball, location: 2F 3-2: Ground out 5-3 (Groundball, 56S, EV 77.5 MPH)
|
|
Batting: RHB Shawon Dunston
|
0-0: Ball 1-0: Called Strike 1-1: Fly out, F9 (Flyball, 89D, EV 100.0 MPH)
|
| Top of the 3rd over - 0 runs, 0 hits, 0 errors, 0 left on base; Pittsfield 1 - Elmira 0 |
| BOTTOM OF THE 3RD |
|
Elmira Pioneers batting - Pitching for Pittsfield Colonials : RHP Bob Stoddard
|
|
Batting: RHB Curtis Cannedy
|
0-0: Swinging Strike 0-1: Called Strike 0-2: Strikes out looking
|
|
Batting: LHB German Barranca
|
0-0: Ball 1-0: SINGLE (Line Drive, 34D, EV 96.9 MPH)
|
|
Batting: RHB Ken Dowell
|
0-0: Ball 1-0: Called Strike 1-1: Ball 2-1: Foul Ball, location: 2F 2-2: Fly out, F8 (Flyball, 8LM, EV 82.5 MPH)
|
|
Batting: RHB Mark Wasinger
|
0-0: Called Strike 0-1: Ball Wild Pitch! German Barranca to second 1-1: Called Strike 1-2: Ball 2-2: Strikes out looking
|
| Bottom of the 3rd over - 0 runs, 1 hit, 0 errors, 1 left on base; Pittsfield 1 - Elmira 0 |
| TOP OF THE 4TH |
|
Pittsfield Colonials batting - Pitching for Elmira Pioneers : LHP Mike Mason
|
|
Batting: SHB Mark Gilbert
|
0-0: Called Strike 0-1: Foul Ball, location: 2F 0-2: Foul Ball, location: 2F 0-2: Foul Ball, location: 2F 0-2: Ball 1-2: Strikes out swinging
|
|
Batting: RHB Mike Brewer
|
0-0: Swinging Strike 0-1: Ball 1-1: Called Strike 1-2: Strikes out swinging
|
|
Batting: RHB Steven Ramler
|
0-0: Ground out 5-3 (Groundball, 56, EV 87.5 MPH)
|
| Top of the 4th over - 0 runs, 0 hits, 0 errors, 0 left on base; Pittsfield 1 - Elmira 0 |
| BOTTOM OF THE 4TH |
|
Elmira Pioneers batting - Pitching for Pittsfield Colonials : RHP Bob Stoddard
|
|
Batting: RHB Richard Givens
|
0-0: Ball 1-0: Ball 2-0: Called Strike 2-1: Ground out 5-3 (Groundball, 5L, EV 81.3 MPH)
|
|
Batting: RHB Greg Keatley
|
0-0: Foul Ball, location: 2F 0-1: Foul Ball, location: 2F 0-2: Ground out 5-3 (Groundball, 56, EV 88.1 MPH)
|
|
Batting: RHB Edwin Rodriguez
|
0-0: Ball 1-0: Swinging Strike 1-1: Ball 2-1: Ball 3-1: Swinging Strike 3-2: Base on Balls
|
|
Batting: SHB Esteban Mendez
|
0-0: Ground out 4-3 (Groundball, 4, EV 84.4 MPH)
|
| Bottom of the 4th over - 0 runs, 0 hits, 0 errors, 1 left on base; Pittsfield 1 - Elmira 0 |
| TOP OF THE 5TH |
|
Pittsfield Colonials batting - Pitching for Elmira Pioneers : LHP Mike Mason
|
|
Batting: SHB David Enos
|
0-0: Ball 1-0: Swinging Strike 1-1: Ball 2-1: Foul Ball, location: 2F 2-2: Strikes out swinging
|
|
Batting: SHB Felipe Gracia
|
0-0: Ball 1-0: Foul Ball, location: 2F 1-1: Bunt for hit to 15S - play at first, batter OUT! 1-3
|
|
Batting: RHB Juan Castro
|
0-0: Ball 1-0: Foul Ball, location: 2F 1-1: Ball 2-1: SINGLE (Line Drive, 4MD, EV 106.9 MPH)
|
|
Batting: SHB Steve Scafa
|
0-0: Ball 1-0: Foul Ball, location: 2F 1-1: Called Strike 1-2: Ball 2-2: Strikes out swinging
|
| Top of the 5th over - 0 runs, 1 hit, 0 errors, 1 left on base; Pittsfield 1 - Elmira 0 |
| BOTTOM OF THE 5TH |
|
Elmira Pioneers batting - Pitching for Pittsfield Colonials : RHP Bob Stoddard
|
|
Batting: LHB Juan Flores
|
0-0: Ball 1-0: Foul Ball, location: 2F 1-1: Foul Ball, location: 2F 1-2: Ball 2-2: Ground out 4-3 (Groundball, 4, EV 85.6 MPH)
|
|
Batting: RHB Curtis Cannedy
|
0-0: Ball 1-0: Foul Ball, location: 2F 1-1: Foul Ball, location: 2F 1-2: Foul Ball, location: 2F 1-2: Foul Ball, location: 2F 1-2: Ball 2-2: Foul Ball, location: 2F 2-2: Fly out, F8 (Flyball, 78D, EV 102.5 MPH)
|
|
Batting: LHB German Barranca
|
0-0: Ball 1-0: Fly out, F9 (Flyball, 89D, EV 85.6 MPH)
|
| Bottom of the 5th over - 0 runs, 0 hits, 0 errors, 0 left on base; Pittsfield 1 - Elmira 0 |
| TOP OF THE 6TH |
|
Pittsfield Colonials batting - Pitching for Elmira Pioneers : LHP Mike Mason
|
|
Batting: SHB Mitch Webster
|
0-0: Fly out, F7 (Flyball, 7D, EV 96.9 MPH)
|
|
Batting: RHB Shawon Dunston
|
0-0: Foul Ball, location: 2F 0-1: Called Strike 0-2: Ball 1-2: SINGLE (Groundball, 34D, EV 101.9 MPH)
|
|
Batting: SHB Mark Gilbert
|
0-0: Ball 1-0: Foul Ball, location: 2F 1-1: Called Strike 1-2: Ball 2-2: Grounds into double play, 6-4-3 (Groundball, 6, EV 82.5 MPH)
|
| Top of the 6th over - 0 runs, 1 hit, 0 errors, 0 left on base; Pittsfield 1 - Elmira 0 |
| BOTTOM OF THE 6TH |
|
Elmira Pioneers batting - Pitching for Pittsfield Colonials : RHP Bob Stoddard
|
|
Batting: RHB Ken Dowell
|
0-0: Called Strike 0-1: Ball 1-1: Ball 2-1: Called Strike 2-2: Ball 3-2: Foul Ball, location: 2F 3-2: Foul Ball, location: 2F 3-2: Fly out, F7 (Flyball, 7, EV 76.3 MPH)
|
|
Batting: RHB Mark Wasinger
|
0-0: Foul Ball, location: 2F 0-1: Ball 1-1: Ball 2-1: Ball 3-1: Swinging Strike 3-2: Foul Ball, location: 2F 3-2: Base on Balls
|
|
Batting: RHB Richard Givens
|
0-0: Foul Ball, location: 2F 0-1: Grounds into double play, 6-4-3 (Groundball, 6, EV 90.6 MPH)
|
| Bottom of the 6th over - 0 runs, 0 hits, 0 errors, 0 left on base; Pittsfield 1 - Elmira 0 |
| TOP OF THE 7TH |
|
Pittsfield Colonials batting - Pitching for Elmira Pioneers : LHP Mike Mason
|
|
Batting: RHB Mike Brewer
|
0-0: Ball 1-0: Foul Ball, location: 2F 1-1: Foul Ball, location: 2F 1-2: Ball 2-2: SINGLE (Line Drive, 7S, EV 92.5 MPH)
|
|
Batting: RHB Steven Ramler
|
0-0: Foul Ball, location: 2F 0-1: Called Strike Mike Brewer steals 2nd base (no throw) 0-2: Ball 1-2: Ball 2-2: Foul Ball, location: 2F 2-2: Ground out 6-3 (Groundball, 6, EV 80.6 MPH) Mike Brewer to third
|
|
Batting: SHB David Enos
|
0-0: Called Strike 0-1: Ball 1-1: Ball 2-1: SINGLE (Groundball, 56D, EV 103.8 MPH) Mike Brewer scores
|
|
Batting: SHB Felipe Gracia
|
0-0: Ball 1-0: Swinging Strike David Enos steals 2nd base 1-1: Fly out, F3 (Line Drive, 3, EV 68.1 MPH)
|
|
Batting: RHB Juan Castro
|
0-0: Reached on error, E5 (Groundball, 56, EV 92.5 MPH) David Enos to third
|
|
Batting: SHB Steve Scafa
|
0-0: Ground out 4-3 (Groundball, 34, EV 103.8 MPH)
|
| Top of the 7th over - 1 run, 2 hits, 1 error, 2 left on base; Pittsfield 2 - Elmira 0 |
| BOTTOM OF THE 7TH |
|
Elmira Pioneers batting - Pitching for Pittsfield Colonials : RHP Bob Stoddard
|
|
Batting: RHB Greg Keatley
|
0-0: Foul Ball, location: 2F 0-1: Fly out, F4 (Popup, 34S, EV 86.9 MPH)
|
|
Batting: RHB Edwin Rodriguez
|
0-0: Ground out U3 (Groundball, 34S, EV 88.1 MPH)
|
|
Batting: SHB Esteban Mendez
|
0-0: Swinging Strike 0-1: SINGLE (Groundball, 56D, EV 106.9 MPH)
|
|
Batting: LHB Juan Flores
|
0-0: Ball 1-0: Ball 2-0: Fly out, F7 (Flyball, 7LM, EV 91.9 MPH)
|
| Bottom of the 7th over - 0 runs, 1 hit, 0 errors, 1 left on base; Pittsfield 2 - Elmira 0 |
| TOP OF THE 8TH |
|
Pittsfield Colonials batting - Pitching for Elmira Pioneers : LHP Mike Mason
|
|
Batting: SHB Mitch Webster
|
0-0: Ball 1-0: Called Strike 1-1: Ball 2-1: Called Strike 2-2: Foul Ball, location: 2F 2-2: SINGLE (Line Drive, 8LS, EV 110.0 MPH)
|
|
Batting: RHB Shawon Dunston
|
0-0: Called Strike 0-1: Ball 1-1: Foul Ball, location: 2F 1-2: Foul Ball, location: 2F 1-2: DOUBLE (Flyball, 89XD, EV 103.1 MPH) Mitch Webster to third
|
|
Batting: SHB Mark Gilbert
|
0-0: Ball 1-0: Ball 2-0: Ball 3-0: Base on Balls
|
|
Pitching: LHP Pat Perry
|
|
|
Batting: RHB Mike Brewer
|
0-0: Ball 1-0: Ball 2-0: Called Strike 2-1: Ball 3-1: Fly out, F9 (Flyball, 89M, EV 93.8 MPH) Runner from 3rd tags up, SCORES, throw by RF
|
|
Batting: RHB Steven Ramler
|
0-0: Ball 1-0: Swinging Strike 1-1: Called Strike Shawon Dunston steals 3rd base Mark Gilbert to second 1-2: Foul Ball, location: 2F 1-2: Strikes out swinging
|
|
Batting: SHB David Enos
|
0-0: Called Strike 0-1: Fly out, F8 (Flyball, 8RM, EV 85.0 MPH)
|
| Top of the 8th over - 1 run, 2 hits, 0 errors, 2 left on base; Pittsfield 3 - Elmira 0 |
| BOTTOM OF THE 8TH |
|
Elmira Pioneers batting - Pitching for Pittsfield Colonials : RHP Bob Stoddard
|
|
Batting: RHB Curtis Cannedy
|
0-0: Foul Ball, location: 2F 0-1: Foul Ball, location: 2F 0-2: Ball 1-2: Ball 2-2: Foul Ball, location: 2F 2-2: Fly out, F8 (Flyball, 8LM, EV 80.0 MPH)
|
|
Batting: LHB German Barranca
|
0-0: Fly out, F8 (Flyball, 78M, EV 90.0 MPH)
|
|
Batting: RHB Ken Dowell
|
0-0: Ball 1-0: Foul Ball, location: 2F 1-1: Called Strike 1-2: Strikes out swinging
|
| Bottom of the 8th over - 0 runs, 0 hits, 0 errors, 0 left on base; Pittsfield 3 - Elmira 0 |
| TOP OF THE 9TH |
|
Pittsfield Colonials batting - Pitching for Elmira Pioneers : LHP Pat Perry
|
|
Pitching: RHP Alejandro Gallardo
|
|
|
Batting: SHB Felipe Gracia
|
0-0: Ball 1-0: Ground out 5-3 (Groundball, 56S, EV 82.5 MPH)
|
|
Batting: RHB Juan Castro
|
0-0: Ball 1-0: Ball 2-0: Ball 3-0: Base on Balls
|
|
Batting: SHB Steve Scafa
|
0-0: Called Strike 0-1: Called Strike 0-2: Ball 1-2: Strikes out swinging
|
|
Batting: SHB Mitch Webster
|
0-0: Ball 1-0: Ball 2-0: Ball 3-0: Base on Balls Juan Castro to second
|
|
Batting: RHB Shawon Dunston
|
0-0: Called Strike 0-1: Foul Ball, location: 2F 0-2: SINGLE (Line Drive, 78S, EV 94.4 MPH) Juan Castro to third Mitch Webster to second Runner from 3rd tries for Home, SAFE, throw by LF to home
|
|
Batting: SHB Mark Gilbert
|
0-0: Ball 1-0: Ball 2-0: Called Strike 2-1: Ball 3-1: Base on Balls Mitch Webster to third Shawon Dunston to second
|
|
Batting: RHB Mike Brewer
|
0-0: Called Strike 0-1: Foul Ball, location: 2F 0-2: Ball 1-2: Ball 2-2: Foul Ball, location: 2F 2-2: SINGLE (Groundball, 4M, EV 78.1 MPH) (infield hit) Mitch Webster scores Shawon Dunston to third Mark Gilbert to second
|
|
Batting: RHB Steven Ramler
|
0-0: Ball 1-0: Swinging Strike 1-1: Ball 2-1: Ball 3-1: Foul Ball, location: 2F 3-2: Base on Balls Shawon Dunston scores Mark Gilbert to third Mike Brewer to second
|
|
Batting: SHB David Enos
|
0-0: Ball 1-0: Ball 2-0: Ball 3-0: Base on Balls Mark Gilbert scores Mike Brewer to third Steven Ramler to second
|
|
Pitching: RHP Renie Martin
|
|
|
Pinch Hitting: RHB Fernando Marin
|
0-0: Ball 1-0: Foul Ball, location: 2F 1-1: Called Strike 1-2: Ball 2-2: Ground out 3-1 (Groundball, 23, EV 86.3 MPH)
|
| Top of the 9th over - 4 runs, 2 hits, 0 errors, 3 left on base; Pittsfield 7 - Elmira 0 |
| BOTTOM OF THE 9TH |
|
Elmira Pioneers batting - Pitching for Pittsfield Colonials : RHP Bob Stoddard
|
|
Now in LF: Fernando Marin
|
|
|
Pinch Hitting: RHB Ron Stinnett
|
0-0: Called Strike 0-1: Ball 1-1: Ball 2-1: Foul Ball, location: 2F 2-2: Ball 3-2: Strikes out looking
|
|
Pitching: LHP Newt Box
|
|
|
Batting: RHB Richard Givens
|
0-0: Fly out, F9 (Line Drive, 9D, EV 109.4 MPH)
|
|
Pinch Hitting: LHB Russell Cain
|
0-0: Called Strike 0-1: Fly out, F9 (Line Drive, 9, EV 91.3 MPH)
|
| Bottom of the 9th over - 0 runs, 0 hits, 0 errors, 0 left on base; Pittsfield 7 - Elmira 0 |
|